 Dungeon Crawl Stone Soup version 0.30-a0-652-gcc886f7154 (webtiles) character file.

Game seed: 16361555857376667193

145970 ragingrage the Brawler (level 16, -4/167 (170) HPs)
             Began as a Troll Wanderer on Jan 17, 2023.
             Was the Champion of Ru.
             Collided with a rock wall (11 damage)
             ... caused by a merfolk aquamancer
             ... on level 3 of the Shoals.
             The game lasted 00:53:20 (26635 turns).

ragingrage the Brawler (Troll Wanderer)            Turns: 26635, Time: 00:53:21

HP:   -4/167 (170)  AC: 17    Str: 32    XL:     16   Next: 58%
MP:   0/15          EV:  8    Int: 12    God:    Ru [******]
Gold: 918           SH: 11    Dex: 11    Spells: 7/15 levels left

rFire   . . .      SeeInvis +      - Unarmed
rCold   . . .      Faith    .    O - +0 kite shield
rNeg    . . .      Spirit   +    P - +0 acid dragon scales
rPois   .          Reflect  .    X - +2 hat {Stlth+}
rElec   .          Harm     .    M - +2 cloak {Stlth+}
rCorr   +          Rampage  .    (gloves unavailable)
Will    +....                    (boots unavailable)
Stlth   ++++                     R - amulet of guardian spirit
HPRegen 1.27/turn                B - ring of Ushrulenau {Contam rCorr Str+8 SInv Stlth+}
MPRegen 0.14/turn                H - +4 ring of protection

@: studying Fighting, lightly drained, unable to drink
A: large, unfitting armour, claws 3, regeneration 1, shaggy fur 1, tough skin 1,
inability to drink after injury 2, hated by all, cowardly, inability to train
dodging, no conjurations magic, no hexes magic, no poison magic
}: 1/15 runes: barnacled
a: Renounce Religion, Draw Out Power, Power Leap, Apocalypse


You were on level 3 of the Shoals.
You worshipped Ru.
Ru was exalted by your worship.
You visited 4 branches of the dungeon, and saw 26 of its levels.
You also visited: Sewer and Gauntlet.

You collected 3367 gold pieces.
You spent 2449 gold pieces at shops.

Inventory:

Hand Weapons
 a - the +9 hand axe of the Wasteland {flame, rPois rC+ Str+4 Dex-5}
   (You found it in a Gauntlet)

   Str:       It affects your strength (+4).
   Dex:       It affects your dexterity (-5).
   rC:        It protects you from cold.
   rPois:     It protects you from poison.
Missiles
 n - 4 throwing nets
 p - a boomerang of dispersal
 w - 24 boomerangs
 I - 4 curare-tipped darts
 J - 9 silver javelins
 S - 73 large rocks (quivered)
 Y - 3 silver boomerangs
 Z - 5 javelins
Armour
 M - a +2 cloak of stealth (worn)
 O - a +0 kite shield (worn)
 P - +0 acid dragon scales (worn)
 X - a +2 hat of stealth (worn)
Jewellery
 b - a ring of willpower
 A - a ring of fire
 B - the ring of Ushrulenau (left claw) {Contam rCorr Str+8 SInv Stlth+}
   (You bought it in a shop on level 2 of the Orcish Mines)

   [ring of resist corrosion]

   Str:       It affects your strength (+8).
   SInv:      It lets you see invisible.
   Contam:    It causes magical contamination when unequipped.
   rCorr:     It protects you from acid and corrosion.
   Stlth:     It makes you more stealthy.
 G - a ring of flight
 H - a +4 ring of protection (right claw)
 Q - a ring of ice
 R - an amulet of guardian spirit (around neck)
 T - the ring of Wishful Thinking {rElec rC+ Str+4 Int-3 Dex+3}
   (You found it on level 10 of the Dungeon)

   [ring of protection from cold]

   Str:       It affects your strength (+4).
   Int:       It affects your intelligence (-3).
   Dex:       It affects your dexterity (+3).
   rC:        It protects you from cold.
   rElec:     It insulates you from electricity.
Wands
 c - a wand of flame (59)
 e - a wand of digging (6)
 s - a wand of paralysis (8)
 C - a wand of light (8)
 E - a wand of roots (13)
 U - a wand of polymorph (6)
 W - a wand of mindburst (15)
Scrolls
 d - 5 scrolls of vulnerability
 g - 2 scrolls of magic mapping
 h - 5 scrolls of fog
 k - 2 scrolls of fear
 l - 12 scrolls of teleportation
 t - a scroll of blinking
 v - 4 scrolls of poison
 N - a scroll of torment
Potions
 f - 7 potions of curing
 i - 5 potions of heal wounds
 j - 7 potions of brilliance
 m - 8 potions of mutation
 o - 3 potions of might
 q - 4 potions of lignification
 r - 5 potions of cancellation
 x - 3 potions of haste
 z - 5 potions of flight
 D - a potion of ambrosia
 F - 3 potions of attraction
 K - 3 potions of invisibility
 L - a potion of magic
Miscellaneous
 u - a phial of floods
 V - a condenser vane


   Skills:
 + Level 13.4 Fighting
 - Level 2.4 Polearms
 - Level 1.2 Ranged Weapons
 - Level 6.0 Throwing
 - Level 2.1 Armour
 - Level 11.0 Shields
 - Level 19.0 Unarmed Combat
 + Level 5.8 Transmutations
 + Level 6.9 Earth Magic
 - Level 7.0 Evocations


You had 7 spell levels left.
You knew the following spells:

 Your Spells              Type           Power      Damage    Failure   Level
a - Wereblood             Tmut           14%        N/A       10%         2
b - Statue Form           Tmut/Erth      10%        N/A       100%        6

Your spell library contained the following spells:

 Spells                   Type           Power      Damage    Failure   Level
 Beastly Appendage        Tmut           28%        N/A       6%          1
 Passwall                 Tmut/Erth      12%        N/A       8%          2
 Lee's Rapid Deconstruct  Erth           8%         3d7*      75%         5
 Kindle Blastsparks       Fire/Tloc/Air  0%         2d10      91%         3
 Swiftness                Air            0%         N/A       91%         3
 Vampiric Draining        Necr           0%         2d6       91%         3
 Vhi's Electric Charge    Tloc/Air       0%         N/A       91%         3
 Airstrike                Air            0%         2d(0-16)  100%        4
 Dispel Undead            Necr           0%         3d6       100%        4
 Disjunction              Tloc           0%         N/A       100%        8
 Maxwell's Capacitive Co  Air            0%         ∞         100%        8
 Spider Form              Tmut/Pois      Unusable   N/A       N/A         3
 Kiss of Death            Conj/Necr      Unusable   2d5       N/A         1
 Shock                    Conj/Air       Unusable   1d3       N/A         1
 Slow                     Hex            Unusable   N/A       N/A         1
 Ignite Poison            Fire/Tmut/Pois Unusable   N/A       N/A         3
 Ensorcelled Hibernation  Hex/Ice        Unusable   N/A       N/A         2
 Leda's Liquefaction      Hex/Erth       Unusable   N/A       N/A         4
 Confusing Touch          Hex            Unusable   N/A       N/A         3
 Inner Flame              Hex/Fire       Unusable   N/A       N/A         3
 Cause Fear               Hex            Unusable   N/A       N/A         4
 Arcjolt                  Conj/Air       Unusable   1d10      N/A         5
 Freezing Cloud           Conj/Ice/Air   Unusable   6-21      N/A         5
 Conjure Ball Lightning   Conj/Air       Unusable   3x3d6     N/A         6
 Discord                  Hex            Unusable   N/A       N/A         8

Dungeon Overview and Level Annotations

Branches:
Dungeon (15/15)            Temple (0/1) D:7            Lair (5/5) D:8
 Shoals (4/4) Lair:3       Spider (0/4) Lair:2        Slime (0/5) Lair:4
    Orc (2/2) D:9             Elf (0/3) Orc:2        Vaults (0/5) D:14
 Depths (0/4) D:15          Sewer (visited)         Gauntlet (visited)

Altars:
Cheibriados
Okawaru
Ru
Trog
Uskayaw
Xom
Zin

Shops:
D:9 =   Orc:2 *:*?=   Shoals:1 [

Annotations:
D:4 Blork the orc
D:15 exclusions: obsidian statue and orange crystal statue
Lair:1 exclusion: oklob plant
Lair:3 exclusion: 2 doors
Orc:1 1 runed translucent door, Koowego's ghost, journeyman SpAr
Orc:2 1 runed translucent door, OTABOTABOTAB's ghost, journeyman DECj


Innate Abilities, Weirdness & Mutations

You are too large for most types of armour.
You have claws for hands.
Your natural rate of healing is unusually fast.
You are covered in fur. (AC +1)
You have tough skin. (AC +1)
You sometimes lose the ability to drink potions when taking damage.
You are hated by all.
Your cowardice makes you less effective in combat with threatening foes.
You cannot train Dodging skill.
You cannot study or cast Conjurations magic.
You cannot study or cast Hexes magic.
You cannot study or cast Poison magic.


Message History

You howl as the wereblood boils in your veins!
You block the merfolk's attack.
The merfolk aquamancer hits you with a +0 rapier of draining!
You feel drained. You block the snapping turtle's attack.
The merfolk hits you from afar with a +0 trident.
The merfolk hits you from afar with a +0 trident!
* * * LOW HITPOINT WARNING * * *
Okay, then.
You block the merfolk's attack. The merfolk hits you with a +0 trident!
* * * LOW HITPOINT WARNING * * *
The snapping turtle is no longer moving slowly.
An alligator snapping turtle comes into view.
You feel a twist of horror at the sight of this foe.
There is a stone staircase leading up here.
You block the merfolk's attack.
You redirect the merfolk's attack!
The merfolk closely misses itself.
You block the merfolk's attack.
The merfolk aquamancer gestures at you while chanting.
The shard of ice hits you!!
* * * LOW HITPOINT WARNING * * *
You focus your inner power and blind the merfolk aquamancer in retribution!
You climb upwards.
Your primal bloodlust is almost over.
There is a stone staircase leading down here.
You cannot drink potions in your current state!
As you read the scroll of fear, it crumbles to dust.
You assume a fearsome visage.
The merfolk looks frightened!
The merfolk aquamancer looks frightened!
You see here a death yak skeleton.
You howl as the wereblood boils in your veins!
Your primal bloodlust has ended.
You enter the shallow water.
The merfolk aquamancer is no longer blind.
The merfolk aquamancer points at you and mumbles some strange words.
The torrent of water hits you!!
* * * LOW HITPOINT WARNING * * *
You are knocked back by the torrent of water.
You slam into the rock wall!
You die...

....##~~~≈≈≈≈≈≈~~~~.~~~~~........
......~~~≈≈≈≈≈≈~~~~~~~~~~.....~~~
...~~~.~~~≈≈≈~~~~≈~~~~~~~...~~~~≈
~~~~~~~~~~≈≈≈~~~~~~~~~~~~∩..~~~~≈
~~...)~~~~≈≈~~~~~~~~~~~~~~~~~~~~≈
.....~~~..~≈~~~~..~~~~~~~~~~~~~≈≈
.~~~~~~###.~~~...~~~~~~~~~~~~~≈≈≈
~~~~~~~.##.~...#..~~....~~~~~~~≈≈
~~~~~~~....~...#@.......~~~~~~~≈≈
.~~~~~~~~.....######..m..~≈~~~~m~
.~~~~~~~~~~~~.# #####.~~~~~~~~
.~~≈~)~~.##.~.## ##÷~~~~~...
~~~≈~~~~..##~..# #### #..>~~~~..~
~~~≈~~~~.....~.###..###.†~~~~~~~.
~~~≈~~~~.................~~÷~~...
~~~≈~~..#....#......~~~~~~~~~~...
~~~~~~..##.......~~~~m~~~~~~~~~~.


You could see a merfolk aquamancer.

Vanquished Creatures
  A titan (Shoals:2)
  Polyphemus (Shoals:3)
  Gastronok (Lair:1)
  Ilsuiw (Shoals:2)
  A fire giant (D:15)
  A stone giant (Shoals:2)
  A dire elephant (Gauntlet)
  A minotaur (Gauntlet)
  7 merfolk javelineers
  5 merfolk impalers
  An ice dragon (D:14)
  4 vault guards (D:14)
  6 hydras
  5 catoblepae
  2 merfolk aquamancers (Shoals:4)
  A satyr (Shoals:3)
  3 two-headed ogres
  2 alligator snapping turtles (Shoals:4)
  5 boulder beetles
  5 centaur warriors
  2 merfolk avatars
  11 death yaks
  2 tengu warriors
  A hell hog (Gauntlet)
  5 orc high priests
  5 sea snakes
  A skeletal warrior (D:12)
  11 harpies
  Pikel (D:7)
  3 deep elf pyromancers
  2 wizards (D:14)
  5 orc knights
  6 ugly things
  14 cyclopes
  3 orc sorcerers (Orc:2)
  15 manticores
  8 elephants
  4 fauns
  4 merfolk sirens
  9 black mambas
  3 gargoyles
  2 water nymphs
  A demonic crawler (Lair:2)
  Maggie (Lair:1)
  2 kobold demonologists (D:12)
  A minotaur zombie (Gauntlet)
  An unseen horror (D:12)
  12 cane toads
  9 komodo dragons
  2 rime drakes
  A yaktaur (Shoals:3)
  A freezing wraith (D:15)
  20 merfolk
  2 trolls
  3 wind drakes (Shoals:3)
  2 hornets
  A tyrant leech (Lair:3)
  A raiju (shapeshifter) (D:13)
  14 blink frogs
  3 meliai (D:9)
  6 snapping turtles
  13 dream sheep
  30 slime creatures
  A jumping spider (shapeshifter) (D:13)
  A shadow (D:12)
  A centaur simulacrum (D:11)
  2 water elementals (Shoals:1)
  3 wyverns
  2 fire bats (Gauntlet)
  3 vampires
  4 wraiths
  8 basilisks
  A steam dragon (D:8)
  63 yaks
  5 vampire mosquitoes
  2 swamp worms (Lair:3)
  A warg (Orc:1)
  A hell hound (Gauntlet)
  5 acid dragons
  11 water moccasins
  An ice beast (D:7)
  A sky beast (D:8)
  2 black bears
  23 orc warriors
  4 ogres
  6 centaurs
  13 wolves
  2 lemures (D:6)
  3 kobold brigands
  A phantom (D:5)
  A necrophage (D:4)
  18 bullfrogs
  3 gnoll sergeants
  3 scorpions
  13 wights
  4 killer bees (D:9)
  8 howler monkeys
  A centaur zombie (D:5)
  A bullfrog zombie (D:5)
  2 hounds (D:4)
  15 orc priests
  5 jellies
  An iguana (D:5)
  20 orc wizards
  25 gnolls
  2 river rats
  15 adders
  4 shadow imps
  An ufetubus (D:5)
  7 worms
  70 orcs
  7 endoplasms
  5 giant cockroaches
  6 hobgoblins
  15 kobolds
  A quokka (D:4)
  9 ball pythons
  7 bats
  5 frilled lizards
  5 goblins
  11 rats
757 creatures vanquished.

Vanquished Creatures (others)
  A cyclops (D:15)
  2 manticores
  A merfolk siren (Shoals:2)
  A merfolk (Shoals:2)
  A wolf (Lair:5)
  An orc priest (Orc:2)
  2 bushes (Shoals:3)
  74 fungi
  168 plants
  2 withered plants (Orc:2)
253 creatures vanquished.

Grand Total: 1010 creatures vanquished

Notes
Turn   | Place    | Note
-------+----------+-------------------------------------------
     0 | D:1      | ragingrage the Troll Wanderer began the quest for the Orb.
     0 | D:1      | ragingrage set off with the following items: a +2 spear, a
                  | +0 sling, a +0 hat, a scroll of vulnerability, a +0 robe.
     0 | D:1      | Reached XP level 1. HP: 19/19 MP: 0/0
    36 | D:1      | Reached skill level 1 in Unarmed Combat
    92 | D:1      | Reached XP level 2. HP: 27/27 MP: 1/1
   125 | D:1      | Reached skill level 2 in Unarmed Combat
   763 | D:2      | Reached XP level 3. HP: 33/33 MP: 2/2
  1186 | D:3      | Reached skill level 3 in Unarmed Combat
  1325 | D:3      | Found a hazy altar of Hepliaklqana.
  1404 | D:3      | Reached skill level 4 in Unarmed Combat
  1404 | D:3      | Reached XP level 4. HP: 41/41 MP: 3/3
  1903 | D:4      | Reached XP level 5. HP: 44/48 MP: 4/4
  1956 | D:4      | Reached skill level 5 in Unarmed Combat
  2101 | D:4      | Noticed Blork the orc
  2110 | D:4      | Reached skill level 6 in Unarmed Combat
  2110 | D:4      | Reached XP level 6. HP: 36/55 MP: 5/5
  2118 | D:5      | Entered Level 5 of the Dungeon
  2320 | D:5      | Found an iron altar of Okawaru.
  2412 | D:5      | Reached skill level 7 in Unarmed Combat
  2588 | D:5      | Reached XP level 7. HP: 42/62 MP: 6/6
  2718 | D:5      | Reached skill level 8 in Unarmed Combat
  2977 | D:5      | Reached skill level 9 in Unarmed Combat
  3025 | D:5      | Reached XP level 8. HP: 70/70 MP: 7/7
  3296 | D:6      | Found a glowing drain.
  3323 | Sewer    | Entered a sewer
  3605 | Sewer    | Reached skill level 10 in Unarmed Combat
  3718 | D:6      | Found a sacrificial altar of Ru.
  3727 | D:6      | Became a worshipper of Ru the Awakened
  3851 | D:6      | Found a snail-covered altar of Cheibriados.
  3949 | D:7      | Noticed Pikel
  4004 | D:7      | Found a staircase to the Ecumenical Temple.
  4056 | D:7      | Reached skill level 11 in Unarmed Combat
  4484 | D:7      | Reached XP level 9. HP: 76/76 MP: 8/8
  4596 | D:7      | Killed Pikel
  4597 | D:7      | Reached skill level 12 in Unarmed Combat
  4882 | D:8      | Reached skill level 13 in Unarmed Combat
  4940 | D:8      | Found a staircase to the Lair.
  5060 | D:8      | Gained mutation: You are hated by all. [Ru sacrifice]
  5060 | D:8      | Reached * piety under Ru
  5060 | D:8      | Reached ** piety under Ru
  5296 | D:8      | Reached skill level 14 in Unarmed Combat
  5498 | D:8      | Reached XP level 10. HP: 42/84 MP: 9/9
  5580 | D:8      | Reached skill level 1 in Shields
  6225 | D:9      | Found a staircase to the Orcish Mines.
  6295 | D:9      | Noticed a two-headed ogre
  6303 | D:9      | Killed a two-headed ogre
  6647 | D:9      | Found Qurphij's Jewellery Boutique.
  6650 | D:9      | Bought an amulet of guardian spirit for 480 gold pieces
  6763 | D:10     | Entered Level 10 of the Dungeon
  7028 | D:10     | Identified the ring of Wishful Thinking {rElec rC+ Str+4
                  | Int-3 Dex+3}
  7132 | D:10     | Gained mutation: You cannot study or cast Poison magic. [Ru
                  | sacrifice]
  7132 | D:10     | Gained mutation: You cannot study or cast Hexes magic. [Ru
                  | sacrifice]
  7132 | D:10     | Gained mutation: You cannot study or cast Conjurations
                  | magic. [Ru sacrifice]
  7132 | D:10     | Reached *** piety under Ru
  7190 | D:10     | Found Pugehoh's Practical Paraphernalia.
  7781 | Lair:1   | Entered Level 1 of the Lair of Beasts
  7904 | Lair:1   | Noticed a black mamba
  7918 | Lair:1   | Killed a black mamba
  8181 | Lair:1   | Reached XP level 11. HP: 98/100 MP: 8/10
  8189 | Lair:1   | Noticed a boulder beetle
  8209 | Lair:1   | Killed a boulder beetle
  8258 | Lair:1   | Noticed Gastronok
  8276 | Lair:1   | Killed Gastronok
  8277 | Lair:1   | Reached skill level 15 in Unarmed Combat
  8351 | Lair:1   | Reached skill level 5 in Shields
  8588 | Lair:1   | Noticed Maggie
  8596 | Lair:1   | Killed Maggie
  8597 | Lair:1   | Reached skill level 5 in Fighting
  8718 | Lair:1   | Noticed an oklob plant
  9116 | Lair:2   | Noticed a seven-headed hydra
  9594 | Lair:2   | Killed a seven-headed hydra
  9859 | Lair:1   | Reached skill level 5 in Throwing
  9876 | Lair:1   | Gained mutation: You cannot train Dodging skill. [Ru
                  | sacrifice]
  9876 | Lair:1   | Reached **** piety under Ru
 10188 | Lair:2   | Identified the +3 short sword of a bailey {drain, rElec
                  | Dex+4}
 10235 | Lair:2   | Reached XP level 12. HP: 114/114 MP: 11/11
 10343 | Lair:2   | HP: 4/108 [spore (24)]
 10604 | Lair:2   | Found a hole to the Spider Nest.
 11426 | Lair:3   | Noticed a death yak
 11426 | Lair:3   | Noticed a death yak
 11436 | Lair:3   | Noticed a death yak
 11451 | Lair:2   | Killed a death yak
 11480 | Lair:2   | Killed a death yak
 11506 | Lair:3   | Killed a death yak
 11663 | Lair:2   | Reached skill level 16 in Unarmed Combat
 12037 | Lair:3   | Identified the +1 war axe "Ogirphubb" {heavy, Str+2}
 12191 | Lair:3   | Identified the +5 war axe "Homuruno" {heavy, rElec Dex+3}
 12235 | Lair:3   | Noticed a boulder beetle
 12249 | Lair:3   | Killed a boulder beetle
 12491 | Lair:3   | Gained mutation: Your cowardice makes you less effective in
                  | combat with threatening foes. [Ru sacrifice]
 12491 | Lair:3   | Reached ***** piety under Ru
 12708 | Lair:3   | Found a staircase to the Shoals.
 12713 | Lair:3   | Noticed an eight-headed hydra
 12773 | Lair:4   | Found a staircase to the Slime Pits.
 12865 | Lair:4   | Reached XP level 13. HP: 101/127 MP: 8/12
 12941 | Lair:4   | Found a gate leading to a gauntlet.
 12995 | Gauntlet | Entered a Gauntlet
 12995 | Gauntlet | Found a transporter.
 12995 | Gauntlet | Found a transporter.
 12996 | Gauntlet | Found a transporter.
 12996 | Gauntlet | Found a transporter.
 12996 | Gauntlet | Noticed a dire elephant
 12999 | Gauntlet | Found a transporter.
 13001 | Gauntlet | Found a large runed translucent door.
 13002 | Gauntlet | Found a large runed translucent door.
 13003 | Gauntlet | Found a large runed translucent door.
 13003 | Gauntlet | Found a large runed translucent door.
 13003 | Gauntlet | Found a runed translucent door.
 13004 | Gauntlet | Found a large runed translucent door.
 13005 | Gauntlet | Found a large runed translucent door.
 13006 | Gauntlet | Found a large runed translucent door.
 13006 | Gauntlet | Found a large runed translucent door.
 13007 | Gauntlet | Found a runed translucent gate.
 13009 | Gauntlet | Found a transporter.
 13076 | Gauntlet | Found a transporter.
 13086 | Gauntlet | Found a transporter.
 13101 | Gauntlet | Found a transporter.
 13111 | Gauntlet | Found a transporter.
 13126 | Gauntlet | Found a transporter.
 13128 | Gauntlet | Found a large runed translucent door.
 13129 | Gauntlet | Found a large runed translucent door.
 13130 | Gauntlet | Found a large runed translucent door.
 13130 | Gauntlet | Found a large runed translucent door.
 13131 | Gauntlet | Found a runed translucent gate.
 13132 | Gauntlet | Found a transporter.
 13132 | Gauntlet | Found a runed translucent gate.
 13145 | Gauntlet | Found a runed translucent door.
 13156 | Gauntlet | Found a large runed translucent door.
 13156 | Gauntlet | Found a large runed translucent door.
 13159 | Gauntlet | Found a large runed translucent door.
 13160 | Gauntlet | Found a large runed translucent door.
 13241 | Gauntlet | Killed a dire elephant
 13329 | Gauntlet | Identified the amulet of Peukk {RegenMP rElec Str+3}
 13393 | Gauntlet | Noticed a minotaur
 13411 | Gauntlet | Killed a minotaur
 13414 | Gauntlet | Identified the +9 hand axe of the Wasteland {flame, rPois
                  | rC+ Str+4 Dex-5}
 14108 | Lair:5   | Entered Level 5 of the Lair of Beasts
 14302 | Lair:5   | Reached skill level 17 in Unarmed Combat
 14306 | Lair:5   | Gained mutation: You occasionally lose the ability to drink
                  | potions when taking damage. [Ru sacrifice]
 14306 | Lair:5   | Gained mutation: You sometimes lose the ability to drink
                  | potions when taking damage. [Ru sacrifice]
 14306 | Lair:5   | Reached ****** piety under Ru
 14661 | Lair:5   | Reached skill level 1 in Armour
 14661 | Lair:5   | Reached skill level 1 in Evocations
 14662 | Lair:5   | Reached skill level 10 in Shields
 15420 | Lair:5   | Reached XP level 14. HP: 132/140 MP: 13/13
 15754 | Lair:5   | Identified the +4 ring mail "Wetsakh" {Str-4 Int+8 Stlth+}
 16370 | D:11     | Identified a scroll of acquirement
 16782 | D:11     | Learned a level 6 spell: Statue Form
 16850 | Orc:1    | Entered Level 1 of the Orcish Mines
 16927 | Orc:1    | Found a runed translucent door.
 16931 | Orc:1    | Noticed Koowego's ghost (journeyman SpAr)
 16932 | Orc:1    | Found a shimmering altar of Xom.
 17089 | Orc:1    | You fall into a shaft and drop 1 floor!
 17089 | Orc:2    | Entered Level 2 of the Orcish Mines
 17089 | Orc:2    | Noticed OTABOTABOTAB's ghost (journeyman DECj)
 17089 | Orc:2    | Found a runed translucent door.
 17213 | Orc:2    | Found Ynily's Jewellery Emporium.
 17341 | Orc:1    | Acquired 630 gold pieces
 17380 | Orc:1    | Reached skill level 10 in Fighting
 17510 | Orc:2    | Found a staircase to the Elven Halls.
 17690 | Orc:2    | Bought the ring of Ushrulenau {Contam rCorr Str+8 SInv
                  | Stlth+} for 497 gold pieces
 17885 | Orc:2    | Found Zugideoza's Magic Scroll Emporium.
 17885 | Orc:2    | Found Surraelle's General Store.
 17887 | Orc:2    | Found Vegac's General Store.
 17887 | Orc:2    | Found Animm's Book Boutique.
 17893 | Orc:2    | Bought a scroll of fog for 56 gold pieces
 17893 | Orc:2    | Bought a scroll of fear for 56 gold pieces
 17900 | Orc:2    | Bought a manual of Fighting for 1360 gold pieces
 18387 | D:12     | Reached skill level 1 in Earth Magic
 18431 | D:12     | Reached skill level 1 in Transmutations
 18927 | D:12     | Reached skill level 18 in Unarmed Combat
 19844 | D:13     | Reached skill level 5 in Evocations
 19873 | D:13     | Reached XP level 15. HP: 83/152 MP: 8/14
 20285 | D:13     | Found a glowing silver altar of Zin.
 20469 | D:14     | Found a gate to the Vaults.
 21470 | D:14     | You fall into a shaft and drop 1 floor!
 21470 | D:15     | Entered Level 15 of the Dungeon
 21596 | D:15     | Found a bloodstained altar of Trog.
 21624 | D:15     | Found a staircase to the Depths.
 21625 | D:15     | Noticed a fire giant
 21631 | D:15     | Killed a fire giant
 22721 | Shoals:1 | Entered Level 1 of the Shoals
 22825 | Shoals:1 | Learned a level 2 spell: Wereblood
 22911 | Shoals:1 | Found a hide-covered altar of Uskayaw.
 23290 | Shoals:1 | Found Moore's Dragon-Slaying Spoils.
 23675 | Shoals:2 | Reached skill level 5 in Earth Magic
 24017 | Shoals:2 | Noticed a titan
 24027 | Shoals:2 | Killed a titan
 24246 | Shoals:2 | Noticed Ilsuiw
 24282 | Shoals:2 | Killed Ilsuiw
 24381 | Shoals:2 | Reached XP level 16. HP: 134/165 MP: 13/15
 25553 | Shoals:3 | Reached skill level 5 in Transmutations
 26233 | Shoals:3 | Reached skill level 19 in Unarmed Combat
 26329 | Shoals:4 | Entered Level 4 of the Shoals
 26331 | Shoals:4 | Noticed Polyphemus
 26356 | Shoals:3 | Killed Polyphemus
 26597 | Shoals:4 | Got a barnacled rune of Zot
 26635 | Shoals:3 | HP: 7/167 [merfolk aquamancer/torrent of water (21)]
 26635 | Shoals:3 | Collided with a rock wall

Illustrated notes

Levels and vault maps discovered:
D:1:      lemuel_arrival_river_ford, layout_rooms, minmay_split_cup_large
D:2:      layout_basic, serial_park_tiny_1
D:3:      layout_loops_ring, mainiacjoe_overflow_cross_hatched, minmay_bisected
D:4:      layout_basic, uniq_blork_the_orc
D:5:      layout_loops_ring, kennysheep_okawaru_gauntlet, serial_undead,
          serial_undead_d, serial_undead_e, serial_undead_f, serial_undead_c,
          kennysheep_generic_room_15
D:6:      layout_rooms, mainiacjoe_overflow_catch_the_wave, portal_sewer_entry_a
D:7:      layout_rooms, minmay_temple_entry_stoned_glass,
          kennysheep_generic_room_16, uniq_pikel
D:8:      layout_gridville, due_lair_maze_entry_diamond
D:9:      layout_loops_ring, special_room [special_room_orc], serial_shops,
          kennysheep_mini_moat, minmay_strange_pillars
D:10:     layout_loops_corners, nicolae_alphabet_shops, nicolae_benzene_ring
D:11:     minmay_bloctagon_deflated, layout_cave_pods
D:12:     minmay_s_stair_smasher, layout_loops_ring, minivault_21
D:13:     minmay_box_of_statues, layout_basic, zin_scriptorium
D:14:     layout_stronghold, lightli_vaults_fourway_checkpoint,
          hangedman_abyss_or_decor_jellyfish_corner
D:15:     grunt_enter_depths_giant_problem, layout_loops_ring, bloody_trog,
          minmay_more_statues
Lair:1:   layout_loops_ring, chequers_serial_rivers_room_a,
          minmay_lair_oklob_bushes, uniq_maggie, uniq_gastronok
Lair:2:   layout_cave_pods, nicolae_spider_entry_non_spiders, grunt_megastairs_5
Lair:3:   minmay_lair_venomous_thicket, layout_cave_pods,
          elwin_shoals_entry_rooms, worms_lemuel, lemuel_fruit_fields,
          infiniplex_staircase_pool, serial_bayou_shore_b, serial_bayou_shore_b
Lair:4:   layout_regular_city, nicolae_slime_entry_field_trip,
          gauntlet_entry_generic
Lair:5:   evilmike_catoblepas_cave, layout_loops_ring
Shoals:1: layout_shoals, nicolae_shop_dragon_depot, lemuel_altar_in_water
Shoals:2: cheibrodos_shoals_gigantism, layout_shoals, uniq_ilsuiw
Shoals:3: layout_shoals, abandoned_shop, yaktaur_hedge
Shoals:4: shoals_end_simple, layout_shoals, serial_shops, nicolae_diamond_shop,
          uniq_polyphemus
Orc:1:    layout_diamond_mine, ebering_ghost_xom, mines2_david
Orc:2:    grunt_orc_tribal_feast, layout_caves, basic_altar, serial_shops,
          nicolae_square_shop, gammafunk_ghost_grave

Skill      XL: |  1  2  3  4  5  6  7  8  9 10 11 12 13 14 15 16 |
---------------+-------------------------------------------------+-----
Unarmed Combat | 1 2 4 6 7 9 11 14 15 16 17 18 19 | 19.0
Shields        | 4 6 8 10 11 | 11.0
Fighting       | 4 6 7 9 10 12 13 | 13.4
Throwing       | 2 5 6 |  6.0
Dodging        | 0 |  0.0
Armour         | 2 |  2.1
Evocations     | 2 5 6 7 |  7.0
Earth Magic    | 2 5 6 |  6.9
Transmutations | 2 4 5 |  5.8
Polearms       | |  2.4
Ranged Weapons | |  1.2

Action                   |  1- 3 |  4- 6 |  7- 9 | 10-12 | 13-15 | 16-18 || total
-------------------------+-------+-------+-------+-------+-------+-------++-------
Melee: Unarmed           |    22 |    12 |   288 |   570 |   985 |   151 ||  2028
       Trident           |    92 |    91 |       |       |       |       ||   183
       Punch             |     3 |     2 |    14 |    11 |       |       ||    30
       Hand axe          |       |       |       |       |    16 |       ||    16
Throw: Dart              |       |       |    12 |    44 |    46 |       ||   102
       Boomerang         |       |       |       |    22 |     7 |       ||    29
       Throwing net      |       |       |       |     2 |       |       ||     2
       Large rock        |       |       |       |       |    27 |    56 ||    83
 Cast: Wereblood         |       |       |       |       |     1 |     3 ||     4
Invok: Sacrifice Love    |       |       |     1 |       |       |       ||     1
       Sacrifice Arcana  |       |       |       |     1 |       |       ||     1
       Sacrifice Nimblen |       |       |       |     1 |       |       ||     1
       Power Leap        |       |       |       |     1 |     4 |       ||     5
       Draw Out Power    |       |       |       |     1 |       |       ||     1
       Sacrifice Courage |       |       |       |     1 |       |       ||     1
       Apocalypse        |       |       |       |       |     9 |     2 ||    11
       Sacrifice Drink   |       |       |       |       |     1 |       ||     1
Evoke: Wand              |       |       |       |    14 |     4 |     8 ||    26
       Condenser vane    |       |       |       |       |     1 |     1 ||     2
  Use: Scroll            |       |     2 |     7 |    16 |     7 |     2 ||    34
       Potion            |       |     3 |       |     6 |     1 |     1 ||    11
 Stab: Invisible         |       |       |       |     4 |    11 |     5 ||    20
       Petrified         |       |       |       |       |     6 |     1 ||     7
       Paralysed         |       |       |       |       |    18 |    10 ||    28
       Distracted        |       |       |       |       |    11 |     1 ||    12
       Sleeping          |       |       |       |       |    12 |       ||    12
       Petrifying        |       |       |       |       |     1 |     1 ||     2
Armor: Robe              |    45 |    27 |    99 |       |       |       ||   171
       Steam dragon scal |       |       |       |   168 |   122 |       ||   290
       Skin              |       |       |       |     9 |       |       ||     9
       Acid dragon scale |       |       |       |       |   219 |    62 ||   281
Dodge: Dodged            |    60 |    51 |   123 |   162 |   192 |    62 ||   650
Block: Kite shield       |       |       |     5 |   172 |   397 |    91 ||   665

Table legend: (Time is in decaauts)
 A = Elapsed time spent in this place.
 B = Non-inter-level travel time spent in this place.
 C = Inter-level travel time spent in this place.
 D = Time resting spent in this place.
 E = Time spent auto-exploring this place.
 F = Levels seen in this place.
 G = Mean time per level.
                   A        B        C        D        E       F      G
               +--------+--------+--------+--------+--------+-----+--------+
         Total |  26318 |  24271 |   2047 |   4399 |  14011 |  28 |  939.9 |
       Dungeon |  13089 |  11808 |   1281 |   1773 |   7607 |  15 |  872.6 |
          Lair |   7289 |   6713 |    576 |   1120 |   3797 |   5 | 1457.8 |
        Shoals |   3899 |   3762 |    137 |   1211 |   1636 |   4 |  974.8 |
  Orcish Mines |   1227 |   1175 |     52 |    168 |    672 |   2 |  613.5 |
         Sewer |    309 |    309 |      0 |     15 |    156 |   1 |  309.0 |
      Gauntlet |    501 |    501 |      0 |    112 |    143 |   1 |  501.0 |
               +--------+--------+--------+--------+--------+-----+--------+

Top non-repeatable levels by time:
  Lair:2: 1760 daAuts
  Lair:5: 1665 daAuts
  Lair:1: 1636 daAuts
Shoals:2: 1480 daAuts
  Lair:3: 1365 daAuts
    D:13: 1244 daAuts
Shoals:3: 1185 daAuts
     D:9: 1181 daAuts
     D:5: 1132 daAuts
Shoals:1: 1103 daAuts
    D:10: 1087 daAuts
    D:12: 1068 daAuts
    D:15: 1042 daAuts
     D:8: 956 daAuts
    D:14: 913 daAuts
